 Dungeon Crawl Stone Soup version 0.24-a0-549-g45f0056d81 (webtiles) character file.

Game seed: 17128036550100153593

4573 DasRunzen the Fighter (level 10, -3/90 HPs)
             Began as a Minotaur Fighter on Aug 19, 2019.
             Was a High Priest of Okawaru.
             Slain by an eight-headed hydra (8 damage)
             ... on level 1 of the Lair of Beasts.
             The game lasted 00:19:36 (8111 turns).

DasRunzen the Fighter (Minotaur Fighter)            Turns: 8111, Time: 00:19:36

Health: -3/90      AC: 16    Str: 20    XL:     10   Next: 18%
Magic:  13/13      EV:  8    Int: 12    God:    Okawaru [*****.]
Gold:   587        SH: 12    Dex: 16    Spells: 9/9 levels left

rFire    . . .     SeeInvis .   j - +2 war axe (elec)
rCold    + . .     Gourm    .   c - +1 shield
rNeg     . . .     Faith    +   b - +0 scale mail
rPois    .         Spirit   .   (helmet restricted)
rElec    .         Reflect  .   y - +3 cloak of the Dropbear {rC+ Int+7}
rCorr    .         Harm     .   q - +1 pair of gloves
MR       +....                  w - +0 pair of boots
Stlth    +.........             a - amulet of faith
HPRegen  0.65/turn              m - ring of flight
MPRegen  0.13/turn              r - ring of protection from magic

@: lightly drained
A: retaliatory headbutt, horns 2, thin skeletal structure 1, regeneration 1
a: Heroism, Finesse, Renounce Religion, Evoke Flight


You were on level 1 of the Lair of Beasts.
You worshipped Okawaru.
Okawaru was extremely pleased with you.
You were hungry.

You visited 2 branches of the dungeon, and saw 10 of its levels.
You also visited: Ossuary.

You collected 587 gold pieces.

Inventory:

Hand Weapons
 j - a +2 war axe of electrocution (weapon)
Armour
 b - a +0 scale mail (worn)
 c - a +1 shield (worn)
 q - a +1 pair of gloves (worn)
 w - a +0 pair of boots (worn)
 y - the +3 cloak of the Dropbear (worn) {rC+ Int+7}
   (You found it on level 8 of the Dungeon)

   It affects your intelligence (+7).
   It protects you from cold.
Jewellery
 a - an amulet of faith (around neck)
 m - a ring of flight (left hand)
 r - a ring of protection from magic (right hand)
 D - a +5 ring of dexterity {unknown}
Wands
 p - a wand of digging (5)
 s - a wand of iceblast (12)
 u - a wand of disintegration (18)
 x - a wand of random effects (6)
 B - a wand of polymorph (8)
 E - a wand of scattershot (5)
Scrolls
 g - 3 scrolls of remove curse
 n - 9 scrolls of identify
 t - 4 scrolls of teleportation
 v - a scroll of amnesia
 C - 2 scrolls of blinking
Potions
 d - a potion of might
 e - 6 potions of haste
 h - a potion of resistance
 i - a potion of berserk rage
 k - 5 potions of heal wounds
 l - a potion of invisibility
 o - 5 potions of curing
 z - 3 potions of magic
 A - a potion of agility
Comestibles
 f - 16 rations


   Skills:
 + Level 8.9(8.5) Fighting
 + Level 8.4(8.0) Axes
 + Level 8.9(8.4) Armour
 + Level 8.9(8.4) Shields
 + Level 6.3(5.9) Invocations


You had 9 spell levels left.
You didn't know any spells.
Your spell library contained the following spells:

 Spells                   Type           Power        Failure   Level  Hunger
 Flame Tongue             Conj/Fire      #....        88%         1    ##.....
 Freeze                   Ice            #...         88%         1    ##.....
 Throw Flame              Conj/Fire      #.....       96%         2    ###....
 Throw Frost              Conj/Ice       #.....       96%         2    ###....
 Conjure Flame            Conj/Fire      #.......     99%         3    ####...
 Inner Flame              Hex/Fire       #.......     99%         3    ####...
 Ozocubu's Armour         Chrm/Ice       #.......     99%         3    ####...
 Sticky Flame             Conj/Fire      #.......     100%        4    #####..
 Summon Ice Beast         Ice/Summ       #.......     100%        4    #####..
 Throw Icicle             Conj/Ice       #.......     100%        4    #####..
 Fireball                 Conj/Fire      #.........   100%        5    ######.


Dungeon Overview and Level Annotations

Branches:
Dungeon (9/15)             Temple (0/1) D:4            Lair (1/6) D:9
    Orc (0/2) D:9

Altars:
Ashenzari
Dithmenos
Elyvilon
Fedhas
Kikubaaqudgha
Makhleb
Nemelex Xobeh
Okawaru
Qazlal
Sif Muna
Trog
Uskayaw
Vehumet
Xom
Zin
The Shining One

Shops:
D:9 (


Innate Abilities, Weirdness & Mutations

You reflexively headbutt those who attack you in melee.
You have a pair of horns on your head.
You have a somewhat thin skeletal structure. (Dex +2, Stealth)
Your natural rate of healing is unusually fast.


Message History

The eight-headed hydra closely misses you.
The eight-headed hydra bites you!
The eight-headed hydra barely misses you.
The eight-headed hydra bites you.
* * * LOW HITPOINT WARNING * * *
Evoke which item? (* to show all) (? for menu, Esc to quit)
Aiming: Iceblast
Press: ? - help, Shift-Dir - straight line The mass of ice explodes!
The iceblast engulfs the eight-headed hydra!
The eight-headed hydra is almost dead.
You block the eight-headed hydra's attack.
The eight-headed hydra bites you!
* * * LOW HITPOINT WARNING * * *
You block the eight-headed hydra's attack.
The eight-headed hydra bites you but does no damage.
The eight-headed hydra bites you!
* * * LOW HITPOINT WARNING * * *
The eight-headed hydra bites you!
You die...

#.......#.## .....#
#.........# ......
#.........# ......#
#......P.##
.......###.#.###.##
........##.#..##..#
........###.......#
........#.........#
......D@..#..........#
......................#
...........###..........
..................##....
#..................##...
##.#...............# ###
####..............#
#............
..............


You could see an eight-headed hydra.

Vanquished Creatures
  Pikel (D:8)
  3 hippogriffs
  4 humans (D:8)
  A hungry ghost (D:9)
  Menkaure (D:7)
  2 orc warriors (D:6)
  A slave (D:8)
  2 sky beasts
  An ogre (D:7)
  5 phantoms
  A hornet zombie (D:7)
  2 centaurs
  An elf zombie (Ossuary)
  A bullfrog (Lair:1)
  2 scorpions
  5 killer bees (D:8)
  4 wights (D:9)
  5 crimson imps
  A centaur zombie (D:7)
  3 hounds
  5 orc priests
  A bullfrog skeleton (D:9)
  A jelly (D:7)
  9 orc wizards
  4 worker ants
  A hound zombie (D:7)
  3 mummies (Ossuary)
  A howler monkey skeleton (D:8)
  6 adders
  A shadow imp (D:6)
  An ooze (D:5)
  5 adder zombies
  2 worms
  3 dart slugs
  5 leopard geckos
  15 orcs
  11 giant cockroaches
  7 goblins
  11 hobgoblins
  10 jackals
  3 quokkas
  A ball python (D:2)
  4 bats
  6 frilled lizards
  5 goblin zombies (Ossuary)
  3 hobgoblin zombies (Ossuary)
  8 kobolds
  3 kobold zombies (Ossuary)
  2 quokka zombies (Ossuary)
  8 rats
  2 rat zombies (Ossuary)
193 creatures vanquished.

Vanquished Creatures (others)
  A bullfrog (D:8)
  3 orc wizards (D:8)
4 creatures vanquished.

Grand Total: 197 creatures vanquished

Notes
Turn   | Place    | Note
-------+----------+-------------------------------------------
     0 | D:1      | DasRunzen the Minotaur Fighter began the quest for the Orb.
     0 | D:1      | Reached XP level 1. HP: 19/19 MP: 0/0
    48 | D:1      | Reached XP level 2. HP: 21/27 MP: 1/1
   715 | D:2      | Reached XP level 3. HP: 22/33 MP: 2/2
   947 | D:2      | Found an iron altar of Okawaru.
   960 | D:2      | Reached XP level 4. HP: 35/41 MP: 3/3
   966 | D:2      | Became a worshipper of Warmaster Okawaru
  1382 | D:2      | Found a shadowy altar of Dithmenos.
  1850 | D:3      | Found a hide-covered altar of Uskayaw.
  1850 | D:3      | Noticed a +0 hand axe
  1850 | D:3      | Noticed a +0 hand axe
  2376 | D:4      | Found an iron altar of Okawaru.
  2403 | D:4      | Noticed a phantom
  2420 | D:4      | Killed a phantom
  2420 | D:4      | Reached skill level 1 in Invocations
  2420 | D:4      | Reached XP level 5. HP: 24/47 MP: 3/5
  2585 | D:4      | Found a staircase to the Ecumenical Temple.
  2663 | D:4      | Found a burning altar of Makhleb.
  2666 | D:4      | Found a glowing silver altar of Zin.
  2666 | D:4      | Noticed an angel
  2667 | D:4      | Noticed a green death
  2978 | D:5      | Entered Level 5 of the Dungeon
  2997 | D:5      | Found a stormy altar of Qazlal.
  3002 | D:5      | Reached skill level 5 in Fighting
  3185 | D:5      | Reached XP level 6. HP: 37/56 MP: 6/6
  3186 | D:5      | Reached * piety under Okawaru
  3186 | D:5      | Reached skill level 5 in Armour
  3186 | D:5      | Reached skill level 5 in Shields
  3597 | D:5      | Noticed a sky beast
  3607 | D:5      | Killed a sky beast
  4020 | D:5      | Reached XP level 7. HP: 33/61 MP: 7/7
  4033 | D:5      | Reached ** piety under Okawaru
  4391 | D:6      | Reached skill level 5 in Axes
  4732 | D:6      | Reached XP level 8. HP: 23/70 MP: 9/9
  5042 | D:6      | Found a bloodstained altar of Trog.
  5116 | D:6      | Found a white marble altar of Elyvilon.
  5123 | D:6      | Found a shattered altar of Ashenzari.
  5157 | D:6      | Reached *** piety under Okawaru
  5560 | D:7      | Found a glowing golden altar of the Shining One.
  5629 | D:7      | Found a sand-covered staircase.
  5664 | Ossuary  | Entered an ossuary
  5901 | D:7      | Noticed Menkaure
  5904 | D:7      | Killed Menkaure
  6008 | D:7      | Found a blossoming altar of Fedhas.
  6351 | D:7      | Reached **** piety under Okawaru
  6351 | D:7      | Reached XP level 9. HP: 79/79 MP: 11/11
  6474 | D:8      | Found a shimmering altar of Xom.
  6479 | D:8      | Got a transparent cloak
  6485 | D:8      | Identified the +3 cloak of the Dropbear {rC+ Int+7} (You
                  | found it on level 8 of the Dungeon)
  6488 | D:8      | Noticed Pikel
  6495 | D:8      | Killed Pikel
  6495 | D:8      | Reached skill level 5 in Invocations
  6567 | D:8      | Reached ***** piety under Okawaru
  7148 | D:8      | Gained mutation: You have a somewhat thin skeletal
                  | structure. (Dex +2, Stealth) [potion of mutation]
  7148 | D:8      | Gained mutation: Your natural rate of healing is unusually
                  | fast. [potion of mutation]
  7419 | D:8      | Found an ancient bone altar of Kikubaaqudgha.
  7419 | D:8      | Found a shimmering blue altar of Sif Muna.
  7443 | D:8      | Found a radiant altar of Vehumet.
  7524 | D:9      | Reached XP level 10. HP: 90/90 MP: 13/13
  7591 | D:9      | Found a sparkling altar of Nemelex Xobeh.
  7817 | D:9      | Found a staircase to the Lair.
  7855 | D:9      | Found Tuzaka's Antique Weapon Emporium.
  7941 | D:9      | Found a staircase to the Orcish Mines.
  8020 | Lair:1   | Entered Level 1 of the Lair of Beasts
  8100 | Lair:1   | Noticed a four-headed hydra
  8111 | Lair:1   | Slain by an eight-headed hydra

Levels and vault maps discovered:
D:1:      minmay_arrival_stair_chambers, layout_basic, minmay_pentomino_x2
D:2:      minmay_skewed_foursquare, layout_basic, old_standard_altar,
          first_ration, nicolae_dithmenos_through_a_glass_darkly
D:3:      layout_basic, dancing_weapons_uskayaw
D:4:      layout_cave_pools, grunt_temple_overflow_order_and_chaos_2,
          minmay_temple_entry_proselytizer, lemuel_tele_altar
D:5:      layout_cave_pods, nicolae_overflow_crystal_walls
D:6:      layout_gridville, grunt_temple_overflow_open, bloody_trog,
          minmay_holes
D:7:      layout_basic, tso_altar, marbit_many_paths,
          nicolae_ossuary_entry_ruins, uniq_menkaure
D:8:      layout_basic, palyth_temple_overflow_mages, xom_teletrap_fun,
          minmay_ruffians, uniq_pikel
D:9:      layout_long_grid, nemelex_xobeh_ov_fountains_minmay, lair_entry_dummy,
          orc_0_dummy, serial_shops, shop
Lair:1:   layout_cave_pods, eino_small_chamber_without_monster

Skill      XL: |  1  2  3  4  5  6  7  8  9 |
---------------+----------------------------+-----
Fighting       | 4 5 6 7 8 |  8.9
Armour         | 4 5 6 7 8 |  8.9
Axes           | 3 4 5 6 8 |  8.4
Shields        | 4 5 6 7 8 |  8.9
Invocations    | 1 2 3 4 6 |  6.3

Action                   |  1- 3 |  4- 6 |  7- 9 | 10-12 || total
-------------------------+-------+-------+-------+-------++-------
Melee: War axe           |    75 |   149 |   230 |    44 ||   498
       Headbutt          |    14 |    30 |    45 |    11 ||   100
Invok: Heroism           |       |       |     1 |       ||     1
Evoke: Wand              |       |       |       |     2 ||     2
  Use: Scroll            |       |    12 |    18 |       ||    30
       Potion            |       |       |     1 |       ||     1
  Eat: Chunk             |       |     8 |    13 |       ||    21
       Ration            |       |       |       |     1 ||     1
Armor: Scale mail        |    31 |    66 |    96 |    31 ||   224
Dodge: Dodged            |    25 |    40 |    67 |    14 ||   146
Block: Shield            |    42 |    78 |   152 |    42 ||   314

Table legend:
 A = Non-vault XP
 B = Vault XP
 C = Vault XP percentage of total XP
 D = Non-vault monster count
 E = Vault monster count
 F = Vault count percentage of total count
                 A         B        C        D         E       F
            +---------+---------+-------+---------+---------+-------
      Total |    4692 |    1841 |  28.2 |     153 |      39 |  20.3
            +---------+---------+-------+---------+---------+-------
        D:1 |      33 |       3 |   8.3 |      16 |       2 |  11.1
        D:2 |     100 |      14 |  12.3 |      25 |       8 |  24.2
        D:3 |      44 |       0 |   0.0 |      19 |       0 |   0.0
        D:4 |     138 |      41 |  22.9 |       5 |       1 |  16.7
        D:5 |     550 |       0 |   0.0 |      14 |       0 |   0.0
        D:6 |    1001 |       0 |   0.0 |      24 |       0 |   0.0
        D:7 |     497 |     217 |  30.4 |      18 |       2 |  10.0
        D:8 |    1131 |    1387 |  55.1 |      22 |       5 |  18.5
        D:9 |    1110 |       0 |   0.0 |       9 |       0 |   0.0
     Lair:1 |      88 |       0 |   0.0 |       1 |       0 |   0.0
    Ossuary |       0 |     179 | 100.0 |       0 |      21 | 100.0
            +---------+---------+-------+---------+---------+-------
